 Dungeon Crawl Stone Soup version 0.31.0-12-g77e489cdc1 (webtiles) character file.

Game seed: 1439841137592311671

1791 spaghetti the Chiller (level 8, -4/93 HPs)
             Began as a Demonspawn Ice Elementalist on Mar 3, 2024.
             Slain by a nameless horror (18 damage)
             ... created by miscasting Summon Mana Viper
             ... on level 6 of the Dungeon.
             The game lasted 00:08:48 (5602 turns).

spaghetti the Chiller (Demonspawn Ice Elementalist) Turns: 5602, Time: 00:08:48

Health: -4/93      AC: 24    Str: 10    XL:     8   Next: 82%
Magic:  0/16       EV:  2    Int: 17    God:
Gold:   274        SH:  0    Dex: 13    Spells: 3/18 levels left

rFire   + . .        v - staff of cold
rCold   + . .        (no shield)
rNeg    . . .        a - melded +0 robe
rPois   +            (helmet currently unavailable)
rElec   .            k - melded scarf {repulsion}
rCorr   .            s - melded +0 pair of gloves
SInv    .            n - melded +1 pair of boots
Will    .....        (no amulet)
Stlth   ++           c - ring of poison resistance
HPRegen 0.35/turn    f - ring of protection from fire
MPRegen 0.15/turn

%: no passive effects
@: tree-form, marked, very slightly contaminated, slowed, very slow
A: stationary, stasis, torment immunity, boosted hp, (antennae 1), foul stench
1, (spiny 1), (deformed body)
a: no special abilities


You were on level 6 of the Dungeon.
You were a tree.
You visited 1 branch of the dungeon, and saw 6 of its levels.

You collected 274 gold pieces.

Inventory:

Hand Weapons
 p - a +0 whip of electrocution
Armour
 a - a +0 robe (melded)
 k - a scarf of repulsion (melded)
 n - a +1 pair of boots (melded)
 s - a +0 pair of gloves (melded)
Magical Staves
 v - a staff of cold (weapon)
Jewellery
 c - a ring of poison resistance (left branch)
 f - a ring of protection from fire (right branch)
 u - a ring of willpower
 w - a ring of fire
 x - a +4 ring of protection
Wands
 g - a wand of flame (18)
Scrolls
 e - a scroll of amnesia
 h - 3 scrolls of enchant weapon
 i - 3 scrolls of fog
 j - a scroll of noise
 m - a scroll of immolation
 o - 2 scrolls of teleportation
 q - a scroll of poison
 r - a scroll of enchant armour
Potions
 b - 2 potions of magic
 l - a potion of enlightenment {unknown}
 t - a potion of brilliance {unknown}


   Skills:
 + Level 5.2 Fighting
 + Level 2.7 Armour
 + Level 3.3 Dodging
 - Level 1.7 Stealth
 + Level 5.6 Spellcasting
 + Level 3.9 Summonings
 - Level 6.0 Ice Magic


You had 3 spell levels left.
You knew the following spells:

 Your Spells              Type           Power      Damage    Failure   Level
a - Freeze                Ice            100%       1d10      1%          1
b - Frozen Ramparts       Ice            74%        1d12      3%          3
c - Ozocubu's Armour      Ice            37%        N/A       3%          3
d - Summon Ice Beast      Ice/Summ       32%        N/A       5%          3
e - Summon Mana Viper     Hex/Summ       11%        N/A       86%         5

Your spell library contained the following spells:

 Spells                   Type           Power      Damage    Failure   Level
 Summon Small Mammal      Summ           72%        N/A       2%          1
 Call Canine Familiar     Summ           18%        N/A       8%          3
 Magic Dart               Conj           16%        1d3       14%         1
 Shock                    Conj/Air       16%        1d4       14%         1
 Searing Ray              Conj           8%         2d4       21%         2
 Sublimation of Blood     Necr           4%         N/A       21%         2
 Swiftness                Air            4%         N/A       38%         3
 Summon Blazeheart Golem  Fire/Summ      11%        N/A       52%         4
 Airstrike                Air            2%         2d(1-17)  80%         4
 Fulminant Prism          Conj/Alch      2%         3d5       80%         4
 Petrify                  Alch/Erth      4%         N/A       80%         4
 Irradiate                Conj/Alch      2%         3d12      98%         5
 Monstrous Menagerie      Summ           9%         N/A       100%        7


Dungeon Overview and Level Annotations

Branches:
Dungeon (6/15)             Temple (0/1) D:5

Altars:

Shops:
D:1 :   D:4 [

Annotations:
D:2 1 runed translucent door, Crazy Yiuf


Innate Abilities, Weirdness & Mutations

You are a tree.
Your roots penetrate the ground, keeping you stationary.
You cannot be teleported.
You are immune to unholy pain and torment.
Your maximum health is greatly increased.
Your equipment is partially melded.
((You have a pair of small antennae on your head.))
You may rarely emit foul miasma when damaged in melee.
((You are partially covered in sharp spines.))
((Armour fits poorly on your strangely shaped body.))


Message History

Jeremiah is engulfed in dark miasma.
Jeremiah looks as sick as possible!
Jeremiah seems to slow down.
Jeremiah hits you but does no damage.
You feel drained.
You feel much better.
The butterfly disappears in a burst of colours!
Jeremiah is no longer moving slowly.
The nameless horror hits you!
Jeremiah is engulfed in dark miasma.
Jeremiah looks as sick as possible!
Jeremiah seems to slow down.
Jeremiah hits you with a +4 trident of draining.
You feel drained.
The nameless horror hits you but does no damage.
Unknown command.
You hit Jeremiah.
Jeremiah is severely wounded.
Jeremiah is no longer moving slowly.
The nameless horror hits you but does no damage.
Jeremiah is engulfed in dark miasma.
Jeremiah looks as sick as possible!
You kill Jeremiah!
The butterfly disappears in a burst of colours! x3
The nameless horror hits you but does no damage.
Your life force feels restored.
Your Fighting skill increases to level 5!
Unknown command.
You hit the nameless horror but do no damage.
The nameless horror hits you.
You feel your power leaking away.
You hit the nameless horror.
The nameless horror is lightly damaged.
The nameless horror hits you!
* * * LOW HITPOINT WARNING * * *
The nameless horror hits you but does no damage.
You hit the nameless horror but do no damage.
The nameless horror is lightly damaged.
The nameless horror hits you but does no damage. x2
You hit the nameless horror but do no damage.
The nameless horror hits you.
* * * LOW HITPOINT WARNING * * *
You feel your power leaking away. The nameless horror hits you!!
You die...

## #.. ### #.# ....#
#.# ####.###.# #.#
#)X..#.... ###.# #♣#
###..# #...#
#.###.#..####...##
#.....#...........
#####.#......#####
#.#........<## #.
#.#.#########.
##...#.#.#########.
#..................
..........########..


You could see a nameless horror.

Vanquished Creatures
  Jeremiah (D:6)
  An unseen horror (D:6)
  An ice beast (D:5)
  A black bear (D:5)
  A bullfrog (D:5)
  3 scorpions
  5 killer bees (D:6)
  A howler monkey (D:6)
  A bombardier beetle (D:6)
  A gnoll bouda (D:6)
  2 hounds
  2 jellies
  An orc priest (D:5)
  A sleepcap (D:6)
  Jessica (D:2)
  2 iguanas
  An orc wizard (D:5)
  8 adders
  8 gnolls (D:5)
  A shadow imp (D:6)
  2 ufetubi (D:6)
  2 dart slugs
  2 ribbon worms
  15 orcs
  6 endoplasms
  A giant cockroach (D:1)
  5 goblins
  8 hobgoblins
  8 jackals
  A quokka (D:3)
  5 ball pythons
  3 bats
  3 frilled lizards
  5 kobolds
  22 rats
131 creatures vanquished.

Notes
Turn   | Place    | Note
-------+----------+-------------------------------------------
     0 | D:1      | spaghetti the Demonspawn Ice Elementalist began the quest
                  | for the Orb.
     0 | D:1      | Reached XP level 1. HP: 13/13 MP: 3/3
   182 | D:1      | Found Jeiqach's Book Boutique.
   212 | D:1      | Gained mutation: You are partially covered in sharp spines.
                  | [demonic ancestry]
   212 | D:1      | Reached XP level 2. HP: 12/19 MP: 3/5
   550 | D:1      | Reached skill level 4 in Ice Magic
  1007 | D:2      | Reached XP level 3. HP: 19/24 MP: 5/7
  1223 | D:2      | Noticed Jessica
  1343 | D:2      | Killed Jessica
  1344 | D:2      | Reached skill level 1 in Fighting
  1344 | D:2      | Gained mutation: You may rarely emit foul miasma when
                  | damaged in melee. [demonic ancestry]
  1344 | D:2      | Reached XP level 4. HP: 23/32 MP: 5/8
  1420 | D:2      | Found a runed translucent door.
  1421 | D:2      | Noticed Crazy Yiuf
  2058 | D:3      | Learned a level 3 spell: Frozen Ramparts
  2062 | D:3      | Learned a level 3 spell: Ozocubu's Armour
  2374 | D:4      | Found Xuathaa's Antique Armour Boutique.
  2821 | D:4      | Reached XP level 5. HP: 35/38 MP: 10/10
  3197 | D:5      | Entered Level 5 of the Dungeon
  3227 | D:5      | Learned a level 3 spell: Summon Ice Beast
  3395 | D:5      | Reached skill level 5 in Ice Magic
  3395 | D:5      | Gained mutation: You have a pair of small antennae on your
                  | head. [demonic ancestry]
  3395 | D:5      | Reached XP level 6. HP: 27/46 MP: 7/11
  3643 | D:5      | Found a staircase to the Ecumenical Temple.
  3659 | D:5      | Reached skill level 1 in Summonings
  3880 | D:5      | Reached XP level 7. HP: 40/52 MP: 9/13
  4537 | D:5      | Learned a level 5 spell: Summon Mana Viper
  5161 | D:6      | HP: 2/82 [gnoll bouda/+0 whip (5)]
  5162 | D:6      | Gained mutation: Armour fits poorly on your strangely
                  | shaped body. [potion of mutation]
  5162 | D:6      | Gained mutation: Your body sometimes deteriorates upon
                  | taking damage. [potion of mutation]
  5162 | D:6      | Lost mutation: Your body sometimes deteriorates upon taking
                  | damage. [potion of mutation]
  5165 | D:6      | Reached skill level 5 in Spellcasting
  5165 | D:6      | Reached XP level 8. HP: 24/61 MP: 11/15
  5166 | D:6      | Reached skill level 1 in Armour
  5166 | D:6      | Killed an unseen horror
  5167 | D:6      | Reached skill level 6 in Ice Magic
  5589 | D:6      | Noticed Jeremiah
  5590 | D:6      | Noticed a nameless horror
  5598 | D:6      | Killed Jeremiah
  5599 | D:6      | Reached skill level 5 in Fighting
  5602 | D:6      | Slain by a nameless horror

Illustrated notes

Levels and vault maps discovered:
D:1:      psy_arrival_basics, layout_loops_ring, serial_shops,
          nicolae_shop_rolling_square
D:2:      layout_basic, uniq_jessica, uniq_crazy_yiuf_cottage
D:3:      layout_rooms, minmay_rat_hole
D:4:      layout_basic, serial_shops, shop, kennysheep_decorative_pillar,
          kennysheep_generic_room_5
D:5:      layout_basic, minmay_temple_entry_ruins
D:6:      kennysheep_spiral_hall, layout_basic, supply_closet_lemuel,
          uniq_jeremiah, uniq_sigmund

Skill      XL: |  1  2  3  4  5  6  7  8 |
---------------+-------------------------+-----
Ice Magic      | 4 5 6 |  6.0
Fighting       | 1 2 3 4 5 |  5.2
Spellcasting   | 3 4 5 |  5.6
Summonings     | 1 2 3 |  3.9
Dodging        | 2 3 |  3.3
Armour         | 2 |  2.7
Stealth        | |  1.7

Action                     |  1- 3 |  4- 6 |  7- 9 || total
---------------------------+-------+-------+-------++-------
  Melee: Unarmed           |    72 |    11 |       ||    83
         Punch             |     3 |     1 |     1 ||     5
         Whip              |       |    80 |       ||    80
         Staff             |       |     5 |    56 ||    61
   Cast: Freeze            |    25 |    17 |     9 ||    51
         Frozen Ramparts   |       |     9 |    10 ||    19
         Ozocubu's Armour  |       |     2 |     5 ||     7
         Summon Ice Beast  |       |       |     1 ||     1
    Use: Scroll            |     1 |     7 |     3 ||    11
         Potion            |     1 |       |     6 ||     7
   Stab: Sleeping          |     1 |     2 |     1 ||     4
 Armour: Robe              |    56 |    52 |    71 ||   179
         Skin              |       |       |    32 ||    32
  Dodge: Dodged            |    73 |    62 |    52 ||   187
